 Dungeon Crawl Stone Soup version 0.28.0-1-gb440e238dd (webtiles) character file.

Game seed: 11608955813815423210

73 spaghetti the Ruffian (level 4, -7/46 HPs)
             Began as an Octopode Berserker on Feb 20, 2022.
             Was a Believer of Trog.
             Mangled by Crazy Yiuf (17 damage)
             ... on level 2 of the Dungeon.
             The game lasted 00:01:37 (2265 turns).

spaghetti the Ruffian (Octopode Berserker)          Turns: 2265, Time: 00:01:37

Health: -7/46      AC:  1    Str: 18    XL:     4   Next: 27%
Magic:  4/4        EV: 13    Int:  9    God:    Trog [**....]
Gold:   50         SH:  0    Dex: 11    Spells: 3/3 levels left

rFire   . . .      SeeInvis .     - Unarmed
rCold   . . .      Faith    .   (no shield)
rNeg    . . .      Spirit   .   (helmet restricted)
rPois   .          Reflect  .   (no amulet)
rElec   .          Harm     .   (no ring)
rCorr   .          Rampage  .   (no ring)
Will    .....                   (no ring)
Stlth   ..........              (no ring)
HPRegen 0.15/turn               (no ring)
MPRegen 0.09/turn               (no ring)
                                (no ring)
                                (no ring)

@: berserking, very quick
A: almost no armour, amphibious, 8 rings, camouflage 1, gelatinous body 1,
(nimble swimmer 1), tentacles
a: Renounce Religion, Berserk, Trog's Hand


You were on level 2 of the Dungeon.
You worshipped Trog.
Trog was pleased with you.
You visited 1 branch of the dungeon, and saw 2 of its levels.

You collected 50 gold pieces.

Inventory:

Scrolls
 b - 2 scrolls of identify
 d - a scroll of noise {unknown}
Potions
 a - a potion of magic {unknown}
 c - a potion of brilliance
 e - a potion of attraction {unknown}


   Skills:
 - Level 3.0 Fighting
 - Level 3.0 Dodging
 + Level 5.0 Unarmed Combat


You had 3 spell levels left.
You didn't know any spells.
Your spell library was empty.

Dungeon Overview and Level Annotations

Branches:
Dungeon (2/15)

Altars:

Annotations:
D:2 Crazy Yiuf


Innate Abilities, Weirdness & Mutations

You cannot wear most types of armour.
You are amphibious.
You can wear up to eight rings at the same time.
Your skin changes colour to match your surroundings (Stealth+).
Your rubbery body absorbs attacks. (AC +1, EV +1)
((You are camouflaged when in or above water. (Stealth+)))
You have tentacles for arms and can constrict up to eight enemies at once.


Message History

No target in view!
No target in view!
No target in view!
No target in view!
No target in view!
No target in view!
You see here a +0 club.
Crazy Yiuf shouts!
Could not explore, unopened runed door.
No reachable target in view!
No reachable target in view!
No reachable target in view!
No reachable target in view!
No reachable target in view!
No reachable target in view!
No reachable target in view!
You open the door.
Crazy Yiuf says, "Castle!
Peeping ena aubergine."
Crazy Yiuf hits you with a +3 quarterstaff of chaos!
Ouch! That really hurt!
Crazy Yiuf freezes you!
* * * LOW HITPOINT WARNING * * *
There is an open translucent door, spattered with blood here.
You tentacle-slap Crazy Yiuf but do no damage.
Your grab misses Crazy Yiuf. You squeeze Crazy Yiuf.
Crazy Yiuf is moderately wounded.
Crazy Yiuf barely misses you.
Okay, then.
Okay, then.
A red film seems to cover your vision as you go berserk!
You feel yourself moving faster!
You feel mighty! Crazy Yiuf misses you.
You closely miss Crazy Yiuf. You grab Crazy Yiuf. You squeeze Crazy Yiuf!
Crazy Yiuf is almost dead.
You constrict Crazy Yiuf, but do no damage.
You tentacle-slap Crazy Yiuf.
Crazy Yiuf is almost dead.
You constrict Crazy Yiuf.
Crazy Yiuf grits, "Fluff dark action!"
Crazy Yiuf hits you with a +3 quarterstaff of chaos!
You die...

#.# #...............###
#
#.###.###########.##...
# #............<#
#.##.#. #
#############.# #......
# #.# ####..# # #.#
#..# # ###### #### #.#
#..# # ##.#..## ###..)#
#.# #..# #
#......####.@g..# #.#
####..# #
##.......#..##...# #.#
#.....# # #..##...#.###
#### #.# #.....# #
#.######### #.# #....##
#.# #.# ##.#.##
####.########
#.####.#...
.>........#.#
#......####
.####...#.#.######
#......# #
####.###.........#
#......# #


You could see Crazy Yiuf.

Vanquished Creatures
  An adder (D:2)
  A gnoll (D:1)
  A worm (D:2)
  A dart slug (D:1)
  4 endoplasms
  6 goblins
  2 hobgoblins (D:1)
  9 jackals
  2 quokkas (D:1)
  4 ball pythons
  6 bats
  A frilled lizard (D:1)
  3 kobolds
  4 rats
45 creatures vanquished.

Vanquished Creatures (others)
  3 plants (D:1)
3 creatures vanquished.

Grand Total: 48 creatures vanquished

Notes
Turn   | Place    | Note
-------+----------+-------------------------------------------
     0 | D:1      | spaghetti the Octopode Berserker began the quest for the
                  | Orb.
     0 | D:1      | Reached XP level 1. HP: 16/16 MP: 1/1
   194 | D:1      | Reached XP level 2. HP: 10/21 MP: 2/2
   719 | D:1      | Reached skill level 4 in Unarmed Combat
   722 | D:1      | Reached XP level 3. HP: 11/26 MP: 3/3
   724 | D:1      | Reached ** piety under Trog
  1388 | D:2      | Reached XP level 4. HP: 24/31 MP: 4/4
  1816 | D:2      | Found a runed translucent door.
  1817 | D:2      | Noticed Crazy Yiuf
  2016 | D:2      | Reached skill level 5 in Unarmed Combat
  2265 | D:2      | Mangled by Crazy Yiuf

Illustrated notes

Levels and vault maps discovered:
D:1:      psy_arrival_fountain, layout_basic, serial_bayou_pond_b
D:2:      layout_loops_ring, hangedman_decor_lopped, grunt_decor_resistance,
          hex_medium, uniq_crazy_yiuf_cottage

Skill      XL: |  1  2  3  4 |
---------------+-------------+-----
Unarmed Combat | 4 5 |  5.0
Fighting       | |  3.0
Dodging        | |  3.0

Action                   |  1- 3 |  4- 6 || total
-------------------------+-------+-------++-------
Melee: Unarmed           |    57 |    22 ||    79
       Constrict         |    20 |     7 ||    27
       Tentacles         |    12 |     8 ||    20
       Punch             |     2 |     1 ||     3
Invok: Berserk           |     1 |     1 ||     2
  Use: Scroll            |       |     3 ||     3
 Stab: Sleeping          |     8 |     3 ||    11
Armor: Skin              |     2 |     1 ||     3
Dodge: Dodged            |    34 |    13 ||    47
